 Dungeon Crawl Stone Soup version 0.29.1-2-gbd0b4ee654 (webtiles) character file.

Game seed: 18256859243677554268

102 cdecastro the Changer (level 4, -3/34 HPs)
             Began as a Demigod Transmuter on Nov 20, 2022.
             Slain by an iguana (12 damage)
             ... on level 2 of the Dungeon.
             The game lasted 00:02:49 (1938 turns).

cdecastro the Changer (Demigod Transmuter)          Turns: 1938, Time: 00:02:49

Health: -3/34      AC:  2    Str: 11    XL:     4   Next: 26%
Magic:  9/9        EV: 12    Int: 25    God:
Gold:   61         SH:  0    Dex: 14    Spells: 5/6 levels left

rFire   . . .      SeeInvis .     - Unarmed
rCold   . . .      Faith    .   (no shield)
rNeg    . . .      Spirit   .   a - +0 robe
rPois   .          Reflect  .   (helmet currently unavailable)
rElec   .          Harm     .   (no cloak)
rCorr   .          Rampage  .   (no gloves)
Will    .....                   (boots currently unavailable)
Stlth   +.........              (no amulet)
HPRegen 0.11/turn               c - +6 ring of intelligence
MPRegen 0.11/turn               (no ring)

@: appendages
A: horns 2, talons 2, high MP 1, forlorn, divine attributes
a: End Transformation


You were on level 2 of the Dungeon.
You had temporarily grown beastly horns and talons.
You visited 1 branch of the dungeon, and saw 2 of its levels.

You collected 61 gold pieces.

Inventory:

Missiles
 l - 4 curare-tipped darts
 p - 4 poisoned darts
Armour
 a - a +0 robe (worn)
 f - a +0 cloak
Jewellery
 c - a +6 ring of intelligence (left hand)
 k - a ring of wizardry
Scrolls
 d - 4 scrolls of identify {unknown}
 e - a scroll of fog {unknown}
 g - 3 scrolls of teleportation {unknown}
 m - a scroll of torment {unknown}
 n - a scroll of poison {unknown}
 o - a scroll of enchant weapon {unknown}
Potions
 b - 2 potions of lignification
 h - 3 potions of curing {unknown}
 i - 2 potions of heal wounds {unknown}
 j - 3 potions of might {unknown}


   Skills:
 - Level 0.8 Fighting
 - Level 1.7 Dodging
 - Level 2.6 Unarmed Combat
 - Level 1.7 Spellcasting
 + Level 4.4 Transmutations


You had 5 spell levels left.
You knew the following spells:

 Your Spells              Type           Power      Damage    Failure   Level
a - Beastly Appendage     Tmut           48%        N/A       1%          1

Your spell library contained the following spells:

 Spells                   Type           Power      Damage    Failure   Level
 Wereblood                Tmut           24%        N/A       2%          2
 Spider Form              Tmut/Pois      13%        N/A       14%         3
 Ice Form                 Ice/Tmut       13%        N/A       43%         4
 Blade Hands              Tmut           12%        N/A       45%         5
 Animate Armour           Summ/Erth      4%         N/A       75%         4
 Iron Shot                Conj/Erth      1%         9d1       100%        6


Dungeon Overview and Level Annotations

Branches:
Dungeon (2/15)


Innate Abilities, Weirdness & Mutations

You have temporarily grown beastly horns and talons.
You have an increased reservoir of magic. (+10% MP)
You shall have no god before yourself.
Your divine heritage dramatically boosts your attributes as you level up.


Message History

There is a stone staircase leading down here.
h - 3 amethyst potions (gained 1)
An iguana comes into view.
An iguana is nearby!
An iguana is nearby!
Casting: Beastly Appendage (safe; 1% risk of failure)
Press: ? - help, Q - select action, (/) - cycle Dir - look around, f - activate You grow a pair of large bovine horns.
Your feet morph into talons.
Unknown command.
The iguana bites you.
You closely miss the iguana. Your headbutt misses the iguana.
The iguana bites you.
You barely miss the iguana. Your kick misses the iguana.
Your punch misses the iguana. The iguana closely misses you.
You hit the iguana but do no damage. Your kick misses the iguana.
Your headbutt misses the iguana.
The iguana bites you but does no damage.
You barely miss the iguana. Your kick misses the iguana.
The iguana barely misses you.
You barely miss the iguana. Your kick misses the iguana. The iguana bites you.
You barely miss the iguana. You claw the iguana, but do no damage.
The iguana bites you!
* * * LOW HITPOINT WARNING * * *
You hit the iguana but do no damage. You claw the iguana.
Your headbutt misses the iguana.
The iguana is lightly wounded.
The iguana bites you.
* * * LOW HITPOINT WARNING * * *
You closely miss the iguana. You claw the iguana, but do no damage.
The iguana is lightly wounded.
The iguana closely misses you.
You closely miss the iguana. You claw the iguana.
The iguana is moderately wounded.
The iguana bites you!
* * * LOW HITPOINT WARNING * * *
You hit the iguana. You claw the iguana, but do no damage.
Your headbutt misses the iguana.
The iguana is moderately wounded.
The iguana bites you!
You die...

..# #.. ### ### ..#
#>...##. ##### #..
..# ###...#..#...#
#.#
#.#####.#.#..#.#.#
#.#
.................#
#.# ........# #..
...# #.# ........#
#..#..# #.#
........# #..#..##
##.# ###.#####
#....@l#
##########...
......# #.##.###
#........)...
......### #.#
#.......##...
........# #.##
#.......##...
........#
#..####.......##...
........#
#....####.######...
......###
#.##..###.#########
......#
#.###..............
###.###########.#
###.#.######.##


You could see an iguana.

Vanquished Creatures
  Jessica (D:2)
  2 adders (D:2)
  2 worms (D:2)
  A dart slug (D:2)
  6 endoplasms
  2 giant cockroaches
  5 goblins
  4 hobgoblins (D:1)
  2 jackals (D:1)
  5 kobolds
  4 quokkas
  A ball python (D:1)
  2 bats (D:1)
  2 frilled lizards (D:2)
  9 rats
48 creatures vanquished.

Notes
Turn   | Place    | Note
-------+----------+-------------------------------------------
     0 | D:1      | cdecastro the Demigod Transmuter began the quest for the
                  | Orb.
     0 | D:1      | Reached XP level 1. HP: 15/15 MP: 5/5
    47 | D:1      | Reached skill level 2 in Transmutations
   171 | D:1      | Reached XP level 2. HP: 11/22 MP: 5/7
   535 | D:1      | Reached skill level 3 in Transmutations
   840 | D:1      | Reached XP level 3. HP: 19/27 MP: 6/8
  1570 | D:2      | Noticed Jessica
  1584 | D:2      | Killed Jessica
  1585 | D:2      | Reached skill level 4 in Transmutations
  1585 | D:2      | Reached XP level 4. HP: 27/34 MP: 9/9
  1938 | D:2      | Slain by an iguana

Illustrated notes

Levels and vault maps discovered:
D:1:      lightli_arrival_windingriver, layout_rooms
D:2:      layout_basic, kennysheep_jessica_study

Skill      XL: |  1  2  3 |
---------------+----------+-----
Transmutations | 2 3 4 |  4.4
Fighting       | |  0.8
Dodging        | |  1.7
Unarmed Combat | |  2.6
Spellcasting   | |  1.7

Action                   |  1- 3 |  4- 6 || total
-------------------------+-------+-------++-------
Melee: Unarmed           |   126 |    21 ||   147
       Kick              |    20 |     7 ||    27
       Headbutt          |    13 |     2 ||    15
       Punch             |     2 |     1 ||     3
 Cast: Beastly Appendage |    21 |     4 ||    25
 Stab: Sleeping          |     1 |       ||     1
Armor: Robe              |    17 |     2 ||    19
Dodge: Dodged            |    87 |     7 ||    94
